 Dungeon Crawl Stone Soup version 0.17.1-3-g152610e (webtiles) character file.

1093 Urist the Magician (level 8, 0/50 HPs)
             Began as a High Elf Wizard on Apr 8, 2016.
             Was an Initiate of Sif Muna.
             Succumbed to a scorpion's poison
             ... on level 6 of the Dungeon.
             The game lasted 01:00:17 (11483 turns).

Urist the Magician (High Elf Wizard)               Turns: 11483, Time: 01:00:17

Health: 0/50       AC:  7    Str:  6    XL:     8   Next: 9%
Magic:  8/20       EV: 11    Int: 24    God:    Sif Muna [......]
Gold:   260        SH:  0    Dex: 14    Spells: 7 memorised, 7 levels left

rFire  . . .     SeeInvis .     h - staff of air
rCold  . . .     Clarity  .     a - +0 robe
rNeg   . . .     SustAt   .     (no shield)
rPois  .         Gourm    +     b - +1 hat
rElec  +         Spirit   .     j - +2 cloak
rCorr  .         Warding  .     (no gloves)
rMut   .         Stasis   .     n - +0 pair of boots
MR     .....                    i - amulet of the gourmand
Stlth  +.........               (no ring)
                                (no ring)

@: lethally poisoned (0 -> -2), very heavily drained, not resistant to hostile
enchantments, very unstealthy
A: no striking features
a: Renounce Religion


You were on level 6 of the Dungeon.
You worshipped Sif Muna.
Sif Muna was noncommittal.
You were not hungry.

You visited 2 branches of the dungeon, and saw 7 of its levels.

You collected 260 gold pieces.

Inventory:

Armour
 a - a +0 robe (worn)
 b - a +1 hat (worn)
 e - a +0 leather armour
 j - a +2 cloak (worn)
 n - a +0 pair of boots (worn)
Magical Staves
 h - an uncursed staff of air (weapon)
Jewellery
 g - an uncursed ring of protection from fire {unknown}
 i - an amulet of the gourmand (around neck)
Wands
 o - a wand of digging (8)
Books
 c - a book of Minor Magic

   Spells                             Type                      Level
   a - Magic Dart                     Conjuration                  1
   b - Blink                          Translocation                2
   c - Call Imp                       Summoning                    2
   d - Repel Missiles                 Charms/Air                   2
   e - Slow                           Hexes                        2
   f - Conjure Flame                  Conjuration/Fire             3
   g - Mephitic Cloud                 Conjuration/Poison/Air       3
Comestibles
 d - 4 bread rations
 f - 3 fruits


   Skills:
 * Level 2.2(0.0) Fighting
 * Level 1.4(0.0) Staves
 * Level 4.3(0.0) Dodging
 + Level 3.0(0.0) Stealth
 + Level 0.1(0.0) Unarmed Combat
 * Level 7.7(0.8) Spellcasting
 + Level 4.5(0.0) Conjurations
 + Level 2.0(0.0) Hexes
 + Level 0.2(0.0) Charms
 + Level 0.8(0.0) Summonings
 + Level 1.2(0.0) Translocations
 * Level 1.6(0.0) Air Magic


You had 7 spell levels left.
You knew the following spells:

 Your Spells              Type           Power        Failure   Level  Hunger
a - Magic Dart            Conj           #...         14%         1    ##.....
b - Call Imp              Summ           #.......     21%         2    ###....
c - Blink                 Tloc           N/A          21%         2    ###....
d - Mephitic Cloud        Conj/Pois/Air  #.......     43%         3    ####...
e - Slow                  Hex            #.......     21%         2    ###....
f - Conjure Flame         Conj/Fire      #.......     43%         3    ####...
g - Repel Missiles        Chrm/Air       #.....       21%         2    ###....


Dungeon Overview and Level Annotations

Branches:
Dungeon (6/15)             Temple (1/1) D:5

Altars:
Ashenzari
Cheibriados
Dithmenos
Elyvilon
Fedhas
Gozag
Kikubaaqudgha
Nemelex Xobeh
Okawaru
Ru
Sif Muna
Trog
Vehumet
Yredelemnul
Zin
The Shining One

Annotations:
D:4 Edmund
D:5 Crazy Yiuf


Message History

A water moccasin comes into view.
You feel sick.
You feel sick. The orc hits you with a mace.
* * * LOW HITPOINT WARNING * * *
* * * LOW HITPOINT WARNING * * *
You feel sick.
* * * LOW HITPOINT WARNING * * *
You feel sick.
* * * LOW HITPOINT WARNING * * *
You feel sick.
Drink which item? (? for menu, Esc to quit)
Your magical effects are unravelling.
You feel magically purged.
* * * LOW HITPOINT WARNING * * *
You feel sick. The orc hits you but does no damage.
* * * LOW HITPOINT WARNING * * *
You feel sick.
* * * LOW HITPOINT WARNING * * *
You feel sick.
You die...

#.#.#..........####
#.#.#.............
#.#.............#
###.####..........# #
............#...#.##.#####
.........................#
###+#######.#.#.#.######.#
##.#.#.#.######[########
+......@.o.s............
##.#.#.#.#######.###..#
#.#.#.#.##### #.# #.#.#.#.#...#
#.# ..#.#.#.#...# #.##
#############.#.#.#...###..##..#
#..<......#
#.#.#.'.........[....
#.#.#####.#
#.#.###...####.?#.... #
#.###.#.# #.#.# #...# #.# ...


You could see a scorpion and an orc.

Vanquished Creatures
  A sky beast (D:5)
  An ogre (D:4)
  A centaur (D:5)
  A scorpion (D:4)
  A giant frog zombie (D:5)
  A hound (D:4)
  A giant frog skeleton (D:5)
  A centaur skeleton (D:5)
  3 orc wizards (D:3)
  An orc priest (D:3)
  Jessica (D:3)
  3 worker ants (D:4)
  A hound zombie (D:5)
  2 hound skeletons (D:4)
  10 adders
  11 gnolls
  2 oozes
  An adder zombie (D:5)
  4 worms
  5 giant geckos
  12 orcs
  10 ball pythons
  6 bats
  7 giant cockroaches
  6 goblins
  11 hobgoblins
  3 quokkas
  3 giant newts
  12 jackals
  9 kobolds
  A quokka skeleton (D:4)
  12 rats
  A fungus (D:5)
145 creatures vanquished.

Vanquished Creatures (collateral kills)
  A jelly (D:5)
  An iguana (D:5)
  A worker ant (D:5)
  The ghost of juanjsm the Stinger, a weakling SpVM (D:4)
4 creatures vanquished.

Grand Total: 149 creatures vanquished

Notes
Turn   | Place    | Note
--------------------------------------------------------------
     0 | D:1      | Urist the High Elf Wizard began the quest for the Orb.
     0 | D:1      | Reached XP level 1. HP: 11/11 MP: 6/6
   434 | D:1      | Reached skill level 4 in Spellcasting
   480 | D:1      | Reached XP level 2. HP: 17/17 MP: 6/8
   484 | D:1      | Learned a level 2 spell: Call Imp
  1245 | D:1      | Reached XP level 3. HP: 21/21 MP: 5/9
  1282 | D:1      | Learned a level 2 spell: Blink
  1554 | D:2      | Found a shadowy altar of Dithmenos.
  1708 | D:2      | Learned a level 3 spell: Mephitic Cloud
  2140 | D:2      | Reached XP level 4. HP: 27/27 MP: 5/11
  3454 | D:2      | Reached XP level 5. HP: 21/32 MP: 2/13
  3676 | D:3      | Noticed Jessica
  3679 | D:3      | Found an iron altar of Okawaru.
  3679 | D:3      | Found a glowing silver altar of Zin.
  4023 | D:3      | Reached skill level 5 in Spellcasting
  4802 | D:3      | Learned a level 2 spell: Slow
  4806 | D:3      | Learned a level 3 spell: Conjure Flame
  5650 | D:3      | Killed Jessica
  5730 | D:3      | Reached skill level 1 in Hexes
  5730 | D:3      | Reached XP level 6. HP: 37/37 MP: 9/15
  6385 | D:4      | Found an opulent altar of Gozag.
  6424 | D:4      | Reached skill level 6 in Spellcasting
  6648 | D:4      | Learned a level 2 spell: Repel Missiles
  6850 | D:4      | Reached XP level 7. HP: 36/42 MP: 2/17
  6853 | D:4      | Noticed juanjsm's ghost (weakling SpVM)
  6890 | D:4      | Found a shattered altar of Ashenzari.
  6905 | D:4      | You fall through a shaft!
  6905 | D:5      | Entered Level 5 of the Dungeon
  6905 | D:5      | Noticed Edmund
  7467 | D:5      | Found a sparkling altar of Nemelex Xobeh.
  7573 | D:5      | Reached skill level 1 in Fighting
  7984 | D:4      | Killed juanjsm's ghost
  8309 | D:4      | Reached skill level 7 in Spellcasting
  8309 | D:4      | Reached skill level 1 in Air Magic
  8600 | D:5      | Reached skill level 1 in Staves
  8606 | D:5      | Found a staircase to the Ecumenical Temple.
  8620 | Temple   | Entered the Ecumenical Temple
  8640 | Temple   | Became a worshipper of Sif Muna the Loreminder
  9212 | D:4      | Reached XP level 8. HP: 14/50 MP: 1/20
 10287 | D:5      | Found a radiant altar of Vehumet.
 10734 | D:5      | Noticed Crazy Yiuf
 10783 | D:5      | Paralysed by Crazy Yiuf for 4 turns
 11440 | D:6      | HP: 2/50 [poisoned by a scorpion]
 11473 | D:6      | HP: 2/50 [poisoned by a scorpion]
 11478 | D:6      | HP: 1/50 [poisoned by a scorpion]
 11483 | D:6      | Succumbed to a scorpion's poison

Action                   |  1- 3 |  4- 6 |  7- 9 || total
-------------------------+-------+-------+-------++-------
Melee: Unarmed           |    11 |    44 |       ||    55
       Staff             |       |       |    32 ||    32
 Cast: Magic Dart        |   129 |   319 |   178 ||   626
       Blink             |     1 |    13 |     8 ||    22
       Slow              |       |    12 |    36 ||    48
       Mephitic Cloud    |       |       |     7 ||     7
       Call Imp          |       |       |    16 ||    16
       Repel Missiles    |       |       |     3 ||     3
       Conjure Flame     |       |       |     3 ||     3
  Use: Potion            |     5 |     6 |     4 ||    15
       Scroll            |     4 |     5 |     9 ||    18
  Eat: Bread ration      |     1 |     2 |       ||     3
       Chunk             |       |     3 |       ||     3
       Fruit             |       |     2 |     3 ||     5
       Meat ration       |       |       |     2 ||     2
       Pizza             |       |       |     2 ||     2
       Beef jerky        |       |       |     1 ||     1
